 Dungeon Crawl Stone Soup version 0.21-a0-243-g597973d (webtiles) character file.

15119 JackS81 the Fencer (level 11, -3/154 HPs)
             Began as a Minotaur Berserker on Sept 3, 2017.
             Was an Elder of Trog.
             Slain by a two-headed ogre
             ... wielding a +0 giant club
              (8 damage)
             ... on level 1 of the Orcish Mines on Sept 4, 2017.
             The game lasted 01:08:59 (9764 turns).

JackS81 the Fencer (Minotaur Berserker)             Turns: 9764, Time: 01:09:01

Health: -3/154     AC: 16    Str: 32    XL:     11   Next: 97%
Magic:  10/10      EV:  9    Int:  4    God:    Trog [****..]
Gold:   700        SH:  3    Dex: 12    Spells: 10/10 levels left

rFire    . . .     SeeInvis .   W - +4 scimitar (freeze)
rCold    . . .     Gourm    .   (no shield)
rNeg     . . .     Faith    .   C - +0 plate armour
rPois    .         Spirit   .   (helmet restricted)
rElec    .         Reflect  +   (no cloak)
rCorr    +         Harm     .   (no gloves)
MR       +++..                  P - +1 pair of boots
Stlth    ..........             D - +3 amulet of reflection
HPRegen  1.35/turn              j - ring of resist corrosion
MPRegen  0.12/turn              Q - +1 ring of protection

@: berserking, regenerating, studying Polearms, very quick
A: retaliatory headbutt, horns 2, thin skeletal structure 1, magic resistance 1,
strong 1, wild magic 1
a: Berserk, Trog's Hand, Brothers in Arms, Burn Spellbooks, Renounce Religion


You were on level 1 of the Orcish Mines.
You worshipped Trog.
Trog was greatly pleased with you.
You were near starving.

You visited 2 branches of the dungeon, and saw 12 of its levels.

You collected 919 gold pieces.
You spent 219 gold pieces at shops.

Inventory:

Hand Weapons
 e - a +0 shortbow
 p - the +3 quarterstaff of Starshine {protect, *Slow MR++ Int+4 SInv, unknown}
   (You took it off an orc on level 9 of the Dungeon)

   It protects the one who uses it against injury (+AC on strike).
   It affects your intelligence (+4).
   It affects your resistance to hostile enchantments.
   It lets you see invisible.
   It may slow you when you take damage.
 s - a +4 short sword
 I - a cursed -2 dagger
 J - a +2 short sword of speed
 T - a +2 falchion of holy wrath
 W - a +4 scimitar of freezing (weapon)
Missiles
 k - 395 stones (quivered)
 t - 152 arrows
 U - 5 silver tomahawks
Armour
 C - a +0 plate armour (worn)
 L - a +1 leather armour of positive energy
 P - a +1 pair of boots (worn)
 X - a +2 robe of magic resistance
Jewellery
 j - a ring of resist corrosion (left hand)
 r - an uncursed ring of flight
 x - a +3 ring of intelligence
 z - a cursed -2 ring of protection
 D - a +3 amulet of reflection (around neck)
 E - an uncursed ring of poison resistance {unknown}
 F - an uncursed amulet of magic regeneration
 Q - a +1 ring of protection (right hand)
Wands
 b - a wand of flame (19/48)
 f - a wand of iceblast (5/15)
 l - a wand of lightning (12/15)
 v - a wand of enslavement (10/24)
 B - a wand of digging (10/24)
 N - a wand of iceblast (11/15)
 Z - a wand of polymorph (16/24)
Scrolls
 g - 4 scrolls of recharging
 i - a scroll of immolation
 n - 7 scrolls of teleportation
 o - 2 scrolls of magic mapping
 y - a scroll of blinking
 R - 3 scrolls of enchant weapon
 Y - 5 scrolls of remove curse
Potions
 h - 4 potions of berserk rage
 q - 2 potions of lignification
 w - 3 potions of mutation
 G - a potion of curing
 O - 2 potions of flight
Books
 a - a book of Necromancy

   Spells                             Type                      Level
   a - Pain                           Necromancy                   1
   b - Animate Skeleton               Necromancy                   1
   c - Vampiric Draining              Necromancy                   3
   d - Regeneration                   Charms/Necromancy            3
   e - Animate Dead                   Necromancy                   4
   f - Control Undead                 Necromancy                   4
   Trog disapproves of the use of such an item.
 A - a manual of Polearms
Comestibles
 c - 12 bread rations
 d - 7 royal jellies
 m - 8 chunks of flesh
 u - 6 meat rations
 M - 17 fruits


   Skills:
 + Level 11.6 Fighting
 - Level 15.9 Long Blades
 * Level 9.4 Bows
 - Level 6.8 Armour
 - Level 2.1 Dodging
 * Level 1.0 Evocations


You had 10 spell levels left.
You didn't know any spells.

Dungeon Overview and Level Annotations

Branches:
Dungeon (10/15)            Temple (0/1) D:4            Lair (0/6) D:9
    Orc (2/2) D:10
    Elf: Orc:2

Altars:
Ashenzari
Cheibriados
Qazlal
Ru
Sif Muna
Trog
Uskayaw
Xom
The Shining One

Shops:
D:8 =   D:9 }   Orc:2 ([


Innate Abilities, Weirdness & Mutations

You reflexively headbutt those who attack you in melee.
You have a pair of horns on your head.
You have a somewhat thin skeletal structure. (Dex +2, Stealth)
You are resistant to hostile enchantments. (MR+)
Your muscles are strong. (Str +2)
Your spells are a little harder to cast, but a little more powerful.


Message History

The troll is heavily wounded.
The troll bites you!
The troll claws you but does no damage. x2
You block the troll's attack. The troll claws you. The troll claws you!
The two-headed ogre hits you with a giant club!
The two-headed ogre hits you with a giant club!!
* * * LOW HITPOINT WARNING * * *
The ogre hits you with a giant club.
* * * LOW HITPOINT WARNING * * *
The troll closely misses you.
The troll claws you but does no damage. x2
The troll bites you but does no damage.
The troll claws you but does no damage. x2
You climb upwards.
You feel a strong urge to attack something.
There is a stone staircase leading down here.
You slash the two-headed ogre! You freeze the two-headed ogre.
Your headbutt misses the two-headed ogre.
The two-headed ogre is moderately wounded.
The two-headed ogre hits you with a giant club!!
* * * LOW HITPOINT WARNING * * *
The two-headed ogre hits you with a giant club!
You die...

#...#..#....#...))#
#...##...........##
##..#............##
#........##.....###
###..#...........#.##
##....##.............##
##..........#..........#
.##............OO......#
.)#.............@......#
.).......#.....TT.....##
)##)#.....#..........##
.#.##.....##..........#
.....................##
.....................##
.#.#................).#
###............#..#.)##
###..##.......#...###.##


You could see a two-headed ogre, 2 trolls and an ogre.

Vanquished Creatures
  A catoblepas (D:8)
  5 two-headed ogres
  A tengu warrior (D:10)
  A deep troll (Orc:2)
  2 orc sorcerers (Orc:1)
  An orc knight (Orc:1)
  An ugly thing (D:8)
  2 trolls (D:10)
  A hornet (D:10)
  Grinder (D:5)
  A shadow (D:9)
  5 yaks (D:10)
  A hungry ghost (D:10)
  3 wargs
  Duvessa (D:6)
  A black bear (D:10)
  9 orc warriors
  3 sky beasts
  A necrophage (D:8)
  6 ogres
  3 phantoms
  2 centaurs
  3 big kobolds
  6 bullfrogs
  A gnoll sergeant (D:6)
  Dowan (D:6)
  A scorpion (D:6)
  8 killer bees
  9 wights
  2 howler monkeys
  A bullfrog zombie (D:8)
  3 crimson imps
  A quasit (D:8)
  A centaur zombie (D:6)
  4 hounds
  A jelly (D:6)
  17 orc priests
  An iguana (D:6)
  2 bullfrog skeletons (D:8)
  An iron imp (D:7)
  18 orc wizards
  8 worker ants
  6 ogre zombies (D:10)
  2 hound skeletons (D:7)
  A mummy (D:5)
  A howler monkey skeleton (D:10)
  12 gnolls
  12 adders
  2 shadow imps
  2 adder skeletons
  An adder zombie (D:7)
  3 worms
  A dart slug (D:1)
  6 leopard geckos
  46 orcs
  A ball python (D:1)
  11 bats
  7 giant cockroaches
  17 goblins
  9 hobgoblins
  4 jackals (D:8)
  2 quokkas
  2 frilled lizards
  4 goblin zombies (D:10)
  3 hobgoblin zombies
  29 kobolds
  3 kobold zombies (D:5)
  A leopard gecko zombie (D:5)
  An orc skeleton (D:10)
  11 orc zombies (D:10)
  7 rats
348 creatures vanquished.

Vanquished Creatures (others)
  A manticore (D:8)
1 creature vanquished.

Grand Total: 349 creatures vanquished

Notes
Turn   | Place    | Note
-------+----------+-------------------------------------------
     0 | D:1      | JackS81 the Minotaur Berserker began the quest for the Orb.
     0 | D:1      | Reached XP level 1. HP: 19/19 MP: 0/0
    26 | D:1      | Reached skill level 4 in Long Blades
   252 | D:1      | Reached XP level 2. HP: 20/26 MP: 1/1
   461 | D:1      | Reached skill level 5 in Long Blades
   646 | D:1      | Reached XP level 3. HP: 29/31 MP: 2/2
   660 | D:1      | Found a stormy altar of Qazlal.
   802 | D:2      | Reached ** piety under Trog
  1208 | D:2      | Gained mutation: Your spells are a little harder to cast, but a little more powerful. [potion of mutation]
  1208 | D:2      | Gained mutation: Your muscles are strong. (Str +2) [potion of mutation]
  1208 | D:2      | Gained mutation: You have a somewhat thin skeletal structure. (Dex +2, Stealth) [potion of mutation]
  1208 | D:2      | Gained mutation: You are resistant to hostile enchantments. (MR+) [potion of mutation]
  1295 | D:3      | Reached XP level 4. HP: 39/40 MP: 3/3
  1757 | D:3      | Found a shattered altar of Ashenzari.
  1761 | D:3      | Found a glowing golden altar of the Shining One.
  1763 | D:3      | Found a bloodstained altar of Trog.
  1771 | D:3      | Found a hide-covered altar of Uskayaw.
  1774 | D:3      | Found a shimmering altar of Xom.
  2082 | D:3      | Reached skill level 6 in Long Blades
  2448 | D:4      | Reached XP level 5. HP: 46/46 MP: 4/4
  2524 | D:4      | Got a steaming golden ring
  2537 | D:4      | Reached skill level 7 in Long Blades
  2598 | D:4      | Reached XP level 6. HP: 9/53 MP: 5/5
  2604 | D:4      | HP: 1/79 [orc priest/mace (5)]
  2964 | D:4      | Reached skill level 8 in Long Blades
  3107 | D:4      | Reached *** piety under Trog
  3234 | D:4      | Reached XP level 7. HP: 36/60 MP: 6/6
  3262 | D:4      | Identified the cursed ring of Faruh {-Tele MP+9 AC-3 Str+4} (You found it on level 4 of the Dungeon)
  3429 | D:4      | Reached skill level 9 in Long Blades
  3434 | D:4      | Reached skill level 1 in Bows
  3495 | D:4      | Found a staircase to the Ecumenical Temple.
  3625 | D:5      | Entered Level 5 of the Dungeon
  3673 | D:5      | Noticed Grinder
  3698 | D:5      | Killed Grinder
  3698 | D:5      | Reached skill level 5 in Armour
  3698 | D:5      | Reached XP level 8. HP: 66/67 MP: 7/7
  3719 | D:5      | Found a deep blue altar of Sif Muna.
  3874 | D:5      | Reached skill level 10 in Long Blades
  4127 | D:5      | Received a gift from Trog
  4614 | D:6      | Reached skill level 11 in Long Blades
  4656 | D:6      | Noticed Duvessa
  4674 | D:6      | Killed Duvessa
  4684 | D:6      | Noticed Dowan
  4700 | D:6      | Killed Dowan
  4841 | D:6      | Reached XP level 9. HP: 31/73 MP: 8/8
  5159 | D:6      | Reached skill level 5 in Fighting
  5241 | D:6      | Reached skill level 12 in Long Blades
  6036 | D:7      | Found a sacrificial altar of Ru.
  6127 | D:7      | Found a snail-covered altar of Cheibriados.
  6320 | D:7      | Reached skill level 5 in Bows
  6404 | D:7      | Reached **** piety under Trog
  6530 | D:7      | Identified the Volume of the Virous Snowflakes
  6703 | D:8      | Reached skill level 13 in Long Blades
  6833 | D:8      | Noticed a two-headed ogre
  6846 | D:8      | Killed a two-headed ogre
  6846 | D:8      | Reached XP level 10. HP: 84/84 MP: 9/9
  6886 | D:8      | Noticed a green ugly thing
  6888 | D:8      | Noticed a manticore
  6888 | D:8      | Noticed a catoblepas
  6898 | D:8      | Killed a green ugly thing
  6913 | D:8      | Killed a manticore
  6959 | D:8      | Killed a catoblepas
  6959 | D:8      | Reached skill level 14 in Long Blades
  7019 | D:8      | Noticed a two-headed ogre
  7026 | D:8      | Killed a two-headed ogre
  7271 | D:8      | Found Minul's Jewellery Boutique.
  7276 | D:8      | Bought a +3 amulet of reflection for 219 gold pieces
  7763 | D:9      | Upgraded the game from 0.21-a0-241-g2cbab09 to 0.21-a0-243-g597973d
  7785 | D:9      | Received a gift from Trog
  7844 | D:9      | Found a staircase to the Lair.
  7867 | D:9      | Reached skill level 15 in Long Blades
  7881 | D:9      | Got a transparent quarterstaff {protect}
  7955 | D:9      | Noticed a two-headed ogre
  7961 | D:9      | Killed a two-headed ogre
  7961 | D:9      | Reached XP level 11. HP: 97/97 MP: 10/10
  8116 | D:9      | Noticed a two-headed ogre
  8130 | D:9      | Killed a two-headed ogre
  8222 | D:9      | Found a deep blue altar of Sif Muna.
  8317 | D:9      | Found Tusmofif's Gadget Shoppe.
  8434 | D:9      | Noticed a two-headed ogre
  8440 | D:9      | Killed a two-headed ogre
  8564 | D:10     | Entered Level 10 of the Dungeon
  8578 | D:10     | Received a gift from Trog
  8578 | D:10     | Reached skill level 10 in Fighting
  8652 | D:10     | Noticed a tengu warrior
  8662 | D:10     | Killed a tengu warrior
  8822 | D:10     | Found a staircase to the Orcish Mines.
  8894 | D:10     | Received a gift from Trog
  9508 | Orc:1    | Entered Level 1 of the Orcish Mines
  9508 | Orc:1    | Noticed an orc sorcerer
  9518 | Orc:1    | Killed an orc sorcerer
  9602 | Orc:1    | Noticed an orc sorcerer
  9604 | Orc:1    | Noticed an orc knight
  9613 | Orc:1    | Killed an orc sorcerer
  9617 | Orc:1    | Killed an orc knight
  9752 | Orc:2    | Entered Level 2 of the Orcish Mines
  9752 | Orc:2    | Found Finuadah's Weapon Shoppe.
  9752 | Orc:2    | Found Eqiatsok's Antique Armour Shop.
  9752 | Orc:2    | Noticed a deep troll
  9752 | Orc:2    | Noticed a two-headed ogre
  9752 | Orc:2    | Noticed a two-headed ogre
  9752 | Orc:2    | Noticed a two-headed ogre
  9754 | Orc:2    | Noticed an ogre mage
  9754 | Orc:2    | Noticed a deep troll
  9754 | Orc:2    | Noticed a two-headed ogre
  9755 | Orc:2    | Noticed an ogre mage
  9756 | Orc:2    | Noticed a two-headed ogre
  9757 | Orc:2    | Noticed a two-headed ogre
  9757 | Orc:2    | Noticed a two-headed ogre
  9757 | Orc:2    | Noticed a two-headed ogre
  9759 | Orc:2    | Killed a deep troll
  9759 | Orc:2    | Reached skill level 1 in Evocations
  9764 | Orc:1    | HP: 5/154 [two-headed ogre/giant club (24)]
  9764 | Orc:1    | Slain by a two-headed ogre

Vault maps used:
D:1:      dpeg_arrival_leaves_temple_mockup, minmay_statues_item,
          kennysheep_flooded_box, minmay_close_crescents
D:2:      first_bread, minmay_pentomino_u4
D:3:      minmay_wonky_spiral, minmay_overflow_temple_star_hex,
          serial_co_window_serial, co_window_paths_b, co_window_corner_a,
          co_window_paths_a, co_window_paths_b, co_window_paths_a,
          co_window_paths_a, co_window_paths_a, co_window_corner_a,
          co_window_corner_a, co_window_corner_cb, co_window_2corner,
          co_window_paths_c, co_window_4corner_b, glass_columns_a,
          glass_columns_c, glass_columns_a, glass_columns_a, glass_columns_a
D:4:      corexii_shantytown, minmay_temple_entry_hall
D:5:      basic_altar, minmay_mini_ossuary, uniq_grinder
D:6:      kennysheep_generic_room_16, uniq_duvessa
D:7:      slow_altar_1, nicolae_ru_awakened_eye, serial_glass, glass_columns_a,
          glass_columns_a, minivault_19
D:8:      minmay_the_grid_plus_closed, serial_shops, kennysheep_little_box
D:9:      nicolae_overflow_hidden_temple, erik_lair_orcish_takeover,
          serial_shops, shop
D:10:     zombieorc1_lemuel, grunt_tengu_nest, kennysheep_generic_room_14
Orc:2:    st_orc_open, chequers_guarded_unrand_ignorance

Skill      XL: |  1  2  3  4  5  6  7  8  9 10 11 |
---------------+----------------------------------+-----
Long Blades    | 4 5 6 7 8 9 11 13 15 | 15.9
Fighting       | 4 6 9 11 | 11.6
Armour         | 3 4 5 6 |  6.8
Bows           | 2 3 5 7 9 |  9.4
Evocations     | 1 |  1.0
Dodging        | |  2.1

Action                   |  1- 3 |  4- 6 |  7- 9 | 10-12 || total
-------------------------+-------+-------+-------+-------++-------
Melee: Falchion          |    83 |    63 |       |       ||   146
       Headbutt          |     8 |    36 |    74 |    62 ||   180
       Long sword        |       |    66 |    76 |       ||   142
       Short sword       |       |       |   175 |       ||   175
       Scimitar          |       |       |    74 |   323 ||   397
 Fire: Shortbow          |       |       |     7 |    19 ||    26
Throw: Stone             |       |       |     6 |       ||     6
       Tomahawk          |       |       |       |     4 ||     4
Invok: Trog's Hand       |       |     6 |    11 |    12 ||    29
       Berserk           |       |     2 |     2 |     6 ||    10
       Burn Spellbooks   |       |       |       |     2 ||     2
       Brothers in Arms  |       |       |       |     1 ||     1
  Use: Scroll            |     9 |       |     4 |    10 ||    23
       Potion            |     6 |       |       |     4 ||    10
 Stab: Sleeping          |       |     1 |     2 |       ||     3
       Distracted        |       |       |     1 |       ||     1
       Petrified         |       |       |       |     1 ||     1
  Eat: Chunk             |     1 |    10 |    17 |    15 ||    43
       Bread ration      |       |       |       |     1 ||     1
Armor: Animal skin       |     7 |       |       |       ||     7
       Ring mail         |    16 |    43 |    28 |       ||    87
       Leather armour    |       |       |    47 |       ||    47
       Plate armour      |       |       |    10 |   130 ||   140
Dodge: Dodged            |    67 |    59 |   118 |    81 ||   325
Block: Other             |       |       |       |    18 ||    18
       Reflection        |       |       |       |     1 ||     1
       Rpst.: Falchion   |    19 |     9 |       |       ||    28
       Long sword        |       |     4 |    10 |       ||    14
       Scimitar          |       |       |     9 |    15 ||    24

Table legend:
 A = Spawn XP
 B = Non-spawn XP
 C = Spawn XP percentage of total XP
 D = Spawn monster count
 E = Non-spawn monster count
 F = Spawn count percentage of total count
 G = Total turns spent on level
                    A         B        C        D         E        F      G
               +---------+---------+-------+---------+---------+-------+---------
         Total |    1287 |   20312 |   6.0 |      32 |     317 |   9.2 |  9764
               +---------+---------+-------+---------+---------+-------+---------
           D:1 |       4 |      42 |   8.7 |       2 |      23 |   8.0 |   795
           D:2 |       0 |      44 |   0.0 |       0 |      11 |   0.0 |   424
           D:3 |      52 |      43 |  54.7 |       5 |      17 |  22.7 |  1225
           D:4 |     210 |     730 |  22.3 |       6 |      59 |   9.2 |  1181
           D:5 |     182 |     574 |  24.1 |       3 |      22 |  12.0 |   719
           D:6 |      17 |    1908 |   0.9 |       2 |      39 |   4.9 |  1516
           D:7 |     147 |     636 |  18.8 |       2 |      17 |  10.5 |   779
           D:8 |     332 |    5086 |   6.1 |       6 |      34 |  15.0 |  1123
           D:9 |      36 |    4324 |   0.8 |       1 |      35 |   2.8 |   802
          D:10 |     307 |    3751 |   7.6 |       5 |      44 |  10.2 |   944
         Orc:1 |       0 |    2423 |   0.0 |       0 |      15 |   0.0 |   245
         Orc:2 |       0 |     751 |   0.0 |       0 |       1 |   0.0 |    11
               +---------+---------+-------+---------+---------+-------+---------
